 Dungeon Crawl Stone Soup version 0.30-a0-1074-g5db6f66fbb (webtiles) character file.

Game seed: 13252540756318167195

172 BubbleThief the Trooper (level 5, -2/43 HPs)
             Began as a Demonspawn Cinder Acolyte on Apr 13, 2023.
             Was a High Priest of Ignis.
             Succumbed to a gnoll's poison
             ... on level 3 of the Dungeon.
             The game lasted 00:02:55 (2304 turns).

BubbleThief the Trooper (Demonspawn Cinder Acolyte) Turns: 2304, Time: 00:02:56

Health: -2/43      AC:  7    Str: 16    XL:     5   Next: 27%
Magic:  6/6        EV: 10    Int: 16    God:    Ignis [*****.]
Gold:   124        SH:  0    Dex:  8    Spells: 6/6 levels left

rFire   + . .      SeeInvis .    a - -1 spear (flame)
rCold   + . .      Faith    .    (no shield)
rNeg    . . .      Spirit   .    c - +0 ring mail
rPois   .          Reflect  .    (no helmet)
rElec   .          Rampage  .    (no cloak)
rCorr   .                        (no gloves)
Will    .....                    (no boots) Stlth
                                 (no amulet)
HPRegen 0.27/turn                m - ring of protection from cold
MPRegen 0.10/turn                (no ring)

@: lethally poisoned (-2 -> -39)
A: molten scales 1
a: Renounce Religion, Fiery Armour, Foxfire Swarm, Rising Flame


You were on level 3 of the Dungeon.
You worshipped Ignis.
Ignis was extremely pleased with you.
You visited 1 branch of the dungeon, and saw 3 of its levels.

You collected 124 gold pieces.

Inventory:

Hand Weapons
 a - a -1 spear of flaming (weapon)
Armour
 b - a +0 robe
 c - a +0 ring mail (worn)
Jewellery
 f - a ring of ice
 m - a ring of protection from cold (left hand)
Wands
 r - a wand of roots (8)
Scrolls
 g - 2 scrolls of fear {unknown}
 h - a scroll of noise {unknown}
 i - 3 scrolls of teleportation {unknown}
 j - a scroll of poison {unknown}
 k - 2 scrolls of identify {unknown}
 l - 2 scrolls of vulnerability {unknown}
 q - a scroll of fog {unknown}
Potions
 e - a potion of curing {unknown}
 n - 2 potions of haste {unknown}
 o - a potion of invisibility {unknown}
 p - 3 potions of flight {unknown}


   Skills:
 + Level 4.7 Fighting
 + Level 4.3 Polearms
 - Level 1.0 Spellcasting
 - Level 2.6 Fire Magic


You had 6 spell levels left.
You didn't know any spells.
Your spell library contained the following spells:

 Spells                   Type           Power      Damage    Failure   Level
 Scorch                   Fire           18%        2d5       22%         2


Dungeon Overview and Level Annotations

Branches:
Dungeon (3/15)

Altars:

Shops:
D:1 (


Innate Abilities, Weirdness & Mutations

You are partially covered in molten scales. (AC +2)


Message History

Aim: a gnoll, wielding a +1 halberd of venom (heavily wounded, very poisoned, slow, about 36% to evade your -1 spear of flaming)
You reach to attack!
You hit the gnoll but do no damage.
The gnoll is heavily wounded.
You feel very sick.
Reach: a) -1 spear (flame)
Press: ? - help, Dir - move target, f/p - gnoll
Aim: a gnoll, wielding a +1 halberd of venom (heavily wounded, very poisoned, slow, about 36% to evade your -1 spear of flaming)
You reach to attack!
You closely miss the gnoll.
The gnoll is heavily wounded.
You feel very sick. The gnoll closely misses you.
Reach: a) -1 spear (flame)
Press: ? - help, Dir - move target, f/p - gnoll
Aim: a gnoll, wielding a +1 halberd of venom (severely wounded, very poisoned, slow, about 36% to evade your -1 spear of flaming)
You reach to attack!
You hit the gnoll. You burn the gnoll.
The gnoll is almost dead.
You feel sick.
Reach: a) -1 spear (flame)
Press: ? - help, Dir - move target, f/p - gnoll
Aim: a gnoll, wielding a +1 halberd of venom (almost dead, poisoned, slow, about 36% to evade your -1 spear of flaming)
You reach to attack!
You hit the gnoll but do no damage.
The gnoll is almost dead.
You feel sick.
The gnoll hits you from afar with a +1 halberd of venom.
You are lethally poisoned!
Reach: a) -1 spear (flame)
Press: ? - help, Dir - move target, f/p - gnoll
Aim: a gnoll, wielding a +1 halberd of venom (almost dead, poisoned, slow, about 36% to evade your -1 spear of flaming)
You reach to attack!
You hit the gnoll. You burn the gnoll.
The gnoll is almost dead.
You feel very sick.
The gnoll hits you from afar with a +1 halberd of venom!
* * * LOW HITPOINT WARNING * * *
You are more poisoned.
Reach: a) -1 spear (flame)
Press: ? - help, Dir - move target, f/p - gnoll
Aim: a gnoll, wielding a +1 halberd of venom (almost dead, poisoned, slow, about 36% to evade your -1 spear of flaming)
You reach to attack!
You barely miss the gnoll.
The gnoll is almost dead.
You die...

'.........+......#..#
#.........####..###.#
##.......## ##..#..#
##.....## ##...##
##...## ##.## #+##
#.# #.#
##.###########.#
........>.gg.@.#
....##.######### . #.
#. #. #. #. ..


You could see 2 gnolls.

Vanquished Creatures
  Terence (D:2)
  A gnoll (D:3)
  8 adders (D:2)
  7 ball pythons
  5 endoplasms
  7 giant cockroaches
  4 goblins
  7 hobgoblins
  9 jackals
  7 kobolds
  2 bats
  4 rats
62 creatures vanquished.

Notes
Turn   | Place    | Note
-------+----------+-------------------------------------------
     0 | D:1      | BubbleThief the Demonspawn Cinder Acolyte began the quest
                  | for the Orb.
     0 | D:1      | Reached XP level 1. HP: 18/18 MP: 2/2
    70 | D:1      | Found Kydeomu's Antique Weapon Shoppe.
   154 | D:1      | Gained mutation: You are partially covered in molten
                  | scales. (AC +2) [demonic ancestry]
   154 | D:1      | Reached XP level 2. HP: 24/24 MP: 3/3
   809 | D:2      | Reached XP level 3. HP: 27/29 MP: 4/4
   934 | D:2      | Reached XP level 4. HP: 28/37 MP: 5/5
  1395 | D:2      | Noticed Terence
  1428 | D:2      | Killed Terence
  1613 | D:2      | Reached XP level 5. HP: 40/43 MP: 6/6
  2304 | D:3      | Succumbed to a gnoll's poison

Illustrated notes

Levels and vault maps discovered:
D:1:      shiori_arrival_oz, layout_basic, serial_shops, nicolae_shop_crystal
D:2:      layout_loops_corners, chequers_big_river, minmay_pentomino_p4,
          uniq_terence
D:3:      layout_loops_corners

Skill      XL: |  1  2  3  4 |
---------------+-------------+-----
Polearms       | 3 4 |  4.3
Fighting       | 4 |  4.7
Spellcasting   | |  1.0
Fire Magic     | |  2.6

Action                     |  1- 3 |  4- 6 || total
---------------------------+-------+-------++-------
  Melee: Spear             |    95 |   144 ||   239
         Punch             |     1 |     2 ||     3
  Throw: Dart              |       |     2 ||     2
 Armour: Ring mail         |    21 |    49 ||    70
  Dodge: Dodged            |    31 |    64 ||    95

Table legend: (Time is in decaauts)
 A = Elapsed time spent in this place.
 B = Non-inter-level travel time spent in this place.
 C = Inter-level travel time spent in this place.
 D = Time resting spent in this place.
 E = Time spent auto-exploring this place.
 F = Levels seen in this place.
 G = Mean time per level.
                   A        B        C        D        E       F      G
               +--------+--------+--------+--------+--------+-----+--------+
         Total |   2300 |   2237 |     63 |      0 |   1810 |   3 |  766.7 |
       Dungeon |   2300 |   2237 |     63 |      0 |   1810 |   3 |  766.7 |
               +--------+--------+--------+--------+--------+-----+--------+

Top non-repeatable levels by time:
     D:2: 1345 daAuts
     D:1: 769 daAuts
     D:3: 185 daAuts
